Map: Ley Lines

Players

llllllllllll

  • Race: Protoss Protoss
  • League: Grandmaster
  • Spawn Location: 1:00

A.I.(極簡單) - Winner!

  • Race: Terran Terran
  • Spawn Location: 7:00

VOD

Have the link to the VOD?

Description

Time

  • Played on: Sept. 28, 2025, 2:53 a.m.
  • Length: 6:56
Show
View Real Time Build Order
Export as new Build Order

llllllllllll Protoss 

Build Orders: 1 Gate Expand, Phoenix Opening, Colossus Rush 

Get SALT Encoding   

  12  0:00  Probe  
  13  0:12  Probe  
  14  0:17  Pylon  
  14  0:23  Probe  
  15  0:32  Probe  
  15  0:37  Gateway  
  15  0:40  Probe  
  16  0:45  Assimilator  
  17  0:50  Probe  
  18  1:03  Probe  
  19  1:15  Probe  
  20  1:21  Nexus  
  20  1:31  Cybernetics Core  
  20  1:34  Probe  
  20  1:39  Assimilator  
  21  1:46  Probe  
  22  1:50  Pylon  
  22  1:56  Stalker  
  22  1:58  Probe  
  25  2:09  Warp Gate  
  25  2:10  Probe  
  26  2:15  Shield Battery  
  26  2:23  Probe  
  26  2:25  Phoenix, Sentry  
  29  2:30  Probe  
  29  2:35  Probe  
  31  2:38  Probe  
  31  2:42  Twilight Council  
  32  2:47  Probe  
  32  2:48  Probe  
  32  2:50  Stalker  
  36  2:59  Probe  
  36  3:00  Probe  
  36  3:04  Gateway  
  38  3:09  Charge  
  38  3:11  Probe  
  38  3:12  Probe  
  40  3:13  Pylon  
  40  3:23  Probe, Stalker  
  40  3:24  Probe  
  44  3:35  Probe  
  44  3:36  Probe  
  44  3:39  Gateway  
  46  3:42  Gateway  
  46  3:47  Probe  
  46  3:48  Probe  
  48  3:51  Pylon  
  48  3:56  Assimilator  
  48  3:59  Probe  
  48  4:00  Probe  
  48  4:01  Stalker  
  52  4:05  Stalker  
  54  4:11  Pylon  
  54  4:16  Robotics Facility  
  54  4:24  Stalker  
  56  4:33  Nexus  
  56  4:36  Probe x2  
  58  4:39  Pylon, Blink  
  58  4:48  Probe x2  
  60  4:54  Pylon  
  60  4:57  Observer  
  60  5:00  Probe x2  
  60  5:06  Robotics Bay  
  63  5:10  Observer  
  63  5:12  Probe x2  
  65  5:17  Zealot x4  
  74  5:24  Probe  
  74  5:25  Probe  
  76  5:29  Pylon  
  76  5:34  Shield Battery  
  76  5:37  Probe x2  
  76  5:41  Colossus  
  78  5:45  Probe  
  78  5:49  Probe x2  
  81  5:51  Gateway  
  81  5:52  Gateway  
  81  5:53  Pylon  
  87  6:04  Gateway  
  87  6:07  Gateway  
  87  6:10  Forge  
  87  6:15  Zealot  
  87  6:16  Zealot  
  87  6:18  Zealot  
  93  6:19  Zealot  
  93  6:22  Probe  
  93  6:25  Pylon  
  96  6:32  Pylon  
  102  6:43  Zealot x4  
  110  6:52  Nexus  
Show
View Real Time Build Order
Export as new Build Order

A.I.(極簡單) Terran - Winner!

Build Orders:  

Get SALT Encoding   

  12  0:00  SCV  
  13  0:13  SCV  
  14  0:18  Supply Depot  
  14  0:37  Refinery  
  14  0:43  Barracks  
  14  1:03  Supply Depot  
  14  1:12  Refinery  
  14  1:29  SCV  
  14  1:30  Marine  
  16  1:41  SCV  
  17  1:53  SCV  
  18  2:05  SCV  
  18  2:06  Marine  
  20  2:17  SCV  
  21  2:29  SCV  
  22  2:42  Orbital Command  
  22  2:43  Marine  
  23  6:03  Marine, SCV  
  25  6:05  Supply Depot  
  25  6:07  Factory  
  24  6:15  SCV  
  25  6:27  SCV  
  25  6:31  Supply Depot  
  26  6:38  Barracks Tech Lab  
  26  6:39  SCV  
  26  6:45  Command Center  
  24  6:53  Starport  
Tags
 
Add a new tag
Caveats
  • Supply blocks, unpowered buildings, or Contaminate may cause inaccurate times.
  • Supply counts are checked every 10 seconds.